 Dungeon Crawl Stone Soup version 0.19.1-1-g22dce08 (webtiles) character file.

100 TuxedoFelix the Shield-Bearer (level 5, -1/41 HPs)
             Began as a Human Fighter on Jan 14, 2017.
             Slain by an orc
             ... wielding a +0 dagger
              (2 damage)
             ... on level 3 of the Dungeon.
             The game lasted 00:16:09 (2941 turns).

TuxedoFelix the Shield-Bearer (Human Fighter)       Turns: 2941, Time: 00:16:09

Health: -1/41      AC:  6    Str: 28    XL:     5   Next: 3%
Magic:  5/5        EV:  8    Int:  8    God:
Gold:   198        SH: 10    Dex: 13    Spells: 0 memorised, 4 levels left

rFire  . . .     SeeInvis .     a - +0 long sword
rCold  . . .     Gourm    .     b - +0 scale mail
rNeg   . . .     Faith    .     c - +0 shield
rPois  .         Spirit   .     (no helmet)
rElec  .         Reflect  .     (no cloak)
rCorr  .         Harm     .     (no gloves)
MR     .....                    (no boots)
Stlth  ..........               (no amulet)
                                y - +6 ring of strength
                                p - +5 ring of slaying

@: mighty
A: no striking features
a: no special abilities


You were on level 3 of the Dungeon.
You were hungry.

You visited 1 branch of the dungeon, and saw 3 of its levels.

You collected 198 gold pieces.

Inventory:

Hand Weapons
 a - a +0 long sword (weapon)
 v - a +0 arbalest
 w - a +0 blowgun
Missiles
 x - 6 poisoned needles (quivered)
 A - 3 javelins
Armour
 b - a +0 scale mail (worn)
 c - a +0 shield (worn)
Jewellery
 p - a +5 ring of slaying (left hand)
 q - an uncursed ring of protection from fire
 y - a +6 ring of strength (right hand)
Scrolls
 j - 3 scrolls of remove curse
 B - a scroll of magic mapping
Potions
 e - a potion of magic {unknown}
 i - a potion of flight {unknown}
 k - 4 potions of agility
 m - 2 potions of lignification
 n - a potion of degeneration {unknown}
 s - a potion of ambrosia {unknown}
 z - a potion of resistance {unknown}
 C - a potion of mutation {unknown}
Comestibles
 f - 2 bread rations
 g - 2 meat rations
 h - 2 beef jerkies
 o - a slice of pizza
 r - 3 fruits
 t - a royal jelly


   Skills:
 + Level 3.5 Fighting
 + Level 3.2 Long Blades
 + Level 3.4 Armour
 + Level 0.8 Dodging
 + Level 3.6 Shields


You had 4 spell levels left.
You didn't know any spells.

Dungeon Overview and Level Annotations

Branches:
Dungeon (3/15)

Altars:
Elyvilon


Message History

You kill the leopard gecko!
You block the bat's attack.
You miss the bat. The bat hits you but does no damage.
You block the bat's attack. The bat hits you but does no damage.
You hit the bat.
You kill the bat!
You have reached level 5!
You block the orc's attack. The orc hits you with a dagger.
* * * LOW HITPOINT WARNING * * *
You slash the orc!
You kill the orc!
The orc hits you with a dagger.
* * * LOW HITPOINT WARNING * * *
You see here a dagger.
As you read the scroll labeled XOIGEESHR NU WOS, it crumbles to dust.
It is a scroll of identify.
B - a scroll of magic mapping The orc hits you with a dagger.
You die...

.# #.......# .##
#.#####.# ..# #.# #.#
..# #######.#####.#
..# ............###
.######..#######.###.#
............. #.# #.#
#######...... #.# #.#
. #...... #@# #.# ##
#...... #o# #.#
#...... #o# #.# #
#.....o###o# #.# .
#.....oo..o# #.# .
.......##### #.# .
....... #.# . .......
#.# # ....... #.#


You could see an orc priest and 3 orcs.

Vanquished Creatures
  An adder (D:3)
  A shadow imp (D:2)
  An ooze (D:3)
  3 dart slugs (D:2)
  4 leopard geckos
  2 orcs (D:3)
  10 bats
  3 giant cockroaches
  8 goblins
  8 hobgoblins
  2 jackals (D:2)
  2 frilled lizards (D:2)
  8 kobolds
  8 rats
61 creatures vanquished.

Vanquished Creatures (others)
  A jackal (D:2)
  A quokka (D:2)
2 creatures vanquished.

Grand Total: 63 creatures vanquished

Notes
Turn   | Place    | Note
-------+----------+-------------------------------------------
     0 | D:1      | TuxedoFelix the Human Fighter began the quest for the Orb.
     0 | D:1      | Reached XP level 1. HP: 18/18 MP: 1/1
   414 | D:1      | Reached XP level 2. HP: 23/24 MP: 2/2
  1196 | D:2      | Reached XP level 3. HP: 26/29 MP: 3/3
  1493 | D:2      | Found a white marble altar of Elyvilon.
  1968 | D:2      | Reached XP level 4. HP: 35/35 MP: 4/4
  2933 | D:3      | Reached XP level 5. HP: 5/41 MP: 5/5
  2934 | D:3      | HP: 2/41 [orc/dagger (3)]
  2940 | D:3      | HP: 1/41 [orc/dagger (2)]
  2941 | D:3      | Slain by an orc

Skill      XL: |  1  2  3  4 |
---------------+-------------+-----
Long Blades    | 3 |  3.2
Fighting       | |  3.5
Armour         | |  3.4
Dodging        | |  0.8
Shields        | |  3.6

Action                   |  1- 3 |  4- 6 || total
-------------------------+-------+-------++-------
Melee: Long sword        |   140 |    42 ||   182
  Use: Potion            |     1 |     2 ||     3
       Scroll            |     1 |     1 ||     2
  Eat: Chunk             |     4 |     1 ||     5
       Fruit             |       |     1 ||     1
Armor: Scale mail        |    74 |    17 ||    91
Dodge: Dodged            |    49 |    20 ||    69
Block: Shield            |    88 |    24 ||   112
       Rpst.: Long sword |    13 |     7 ||    20
